[Event "Titled Tuesday Blitz July 26 Early 2022"]
[White "Srihari L R"]
[Black "Urbina Perez, Juan Antonio"]
[WhiteFideId "46617116"]
[BlackFideId "2217368"]
[WhiteElo "2170"]
[BlackElo "2192"]
[Result "1-0"]
[Round "05"]
[TimeControl "180+1"]
[Date "2022.07.27"]
[WhiteClock "0:00:22"]
[BlackClock "0:00:44"]

1. d4 Nf6 2. Bg5 e6 3. Nd2 d5 4. e3 Be7 5. Bd3 Nbd7 6. f4 c5 7. c3 b6 8. Ngf3 Nh5 9. O-O Bxg5 10. fxg5 g6 11. Bb5 O-O 12. h4 a5 13. a4 Ba6 14. Bxa6 Rxa6 15. Rf2 Qe7 16. Nh2 f5 17. gxf6 Ndxf6 18. g4 Ng7 19. Qe2 Raa8 20. Raf1 e5 21. dxe5 Qxe5 22. Ndf3 Qe4 23. Ng5 Qe5 24. Nhf3 Qd6 25. Rg2 Ne4 26. Nxe4 dxe4 27. Ng5 Rxf1+ 28. Qxf1 Rf8 29. Qc4+ Kh8 30. Nf7+ Rxf7 31. Qxf7 h6 32. Qf4 Qd1+ 33. Kh2 Kh7 34. Qxe4 Qe1 35. g5 Nf5 36. gxh6 Kxh6 37. Qf4+ Kh7 38. h5 Nh4 39. hxg6+ Kh8 40. Qf8# 1-0


[Site "https://www.chess.com"]

[Event "Titled Tuesday Blitz July 26 Early 2022"]
[White "Suleymanli, Aydin"]
[Black "Nakamura, Hikaru"]
[WhiteFideId "13413937"]
[BlackFideId "2016192"]
[WhiteElo "2481"]
[BlackElo "2850"]
[Result "0-1"]
[Round "05"]
[TimeControl "180+1"]
[Date "2022.07.26"]
[WhiteClock "0:00:06"]
[BlackClock "0:00:15"]

1. c4 e5 2. Nc3 Nf6 3. Nf3 Nc6 4. e4 Bb4 5. d3 d6 6. a3 Bc5 7. b4 Bb6 8. Be3 Bg4 9. Be2 Bxf3 10. Bxf3 Nd4 11. O-O O-O 12. g3 c6 13. Bg2 a5 14. Ne2 Ne6 15. Bd2 axb4 16. axb4 Nd4 17. Nc3 Rxa1 18. Qxa1 Nb3 19. Qb2 Nxd2 20. Qxd2 Qa8 21. Bf3 Qa3 22. Rb1 Ra8 23. Kg2 h6 24. h3 Kh7 25. Bd1 g6 26. Rb3 Qa7 27. Rb2 Rf8 28. Ra2 Qb8 29. f4 Kg7 30. Bf3 Re8 31. Ne2 Qd8 32. Qc3 Qe7 33. Rc2 Ra8 34. Qb3 Be3 35. Ra2 Re8 36. Qc3 Kg8 37. Qb3 h5 38. Qc3 h4 39. gxh4 exf4 40. c5 dxc5 41. bxc5 Bxc5 42. Nxf4 Bd6 43. Ne2 Nd7 44. d4 Qxh4 45. e5 Be7 46. Ra7 Qg5+ 47. Kh1 Rb8 48. e6 fxe6 49. Bg4 Qd5+ 50. Kg1 Bd6 51. Ra5 c5 52. Qe3 Re8 53. Nc3 Qxd4 54. Qxd4 cxd4 55. Ne4 Bf8 56. Rb5 b6 57. Rb3 Nc5 58. Nf6+ Kf7 59. Rf3 Ra8 60. Nd5+ Kg7 61. Nc7 Ra1+ 62. Kg2 d3 63. Nxe6+ Nxe6 64. Bxe6 d2 65. Rf7+ Kh6 66. Bg4 Bc5 67. Rd7 Be3 68. Be2 Ra3 69. h4 Bf4 70. Rd4 Rg3+ 71. Kf2 Be3+ 72. Kxg3 Bxd4 73. Kg4 b5 74. Bd1 b4 75. Kh3 Bf6 76. Kg4 Be7 77. Kh3 Bc5 78. Kg4 Bf2 79. Kh3 Kg7 80. h5 gxh5 81. Kg2 Be1 82. Kh3 h4 0-1


[Site "https://www.chess.com"]

[Event "Titled Tuesday Blitz July 26 Early 2022"]
[White "Svane, Frederik"]
[Black "Bortnyk, Olexandr"]
[WhiteFideId "12923044"]
[BlackFideId "14120828"]
[WhiteElo "2459"]
[BlackElo "2723"]
[Result "1-0"]
[Round "05"]
[TimeControl "180+1"]
[Date "2022.07.26"]
[WhiteClock "0:00:35"]
[BlackClock "0:00:20"]

1. e4 d6 2. d4 Nf6 3. Nd2 e5 4. c3 g6 5. Ngf3 Nbd7 6. Bd3 Bg7 7. O-O O-O 8. Re1 b6 9. Nf1 Bb7 10. Ng3 Qe7 11. a4 a5 12. b3 Rfe8 13. Ba3 c5 14. d5 h6 15. Nd2 Nf8 16. Bb5 Reb8 17. Nc4 h5 18. Bc1 h4 19. Nf1 N8h7 20. h3 Bc8 21. Nh2 Nh5 22. Ra2 Nf4 23. Bxf4 exf4 24. e5 dxe5 25. Rae2 f6 26. Nf3 g5 27. d6 Qd8 28. Nfxe5 fxe5 29. Nxe5 Bxe5 30. Rxe5 Bd7 31. Qd5+ Kh8 32. Re7 Qf8 33. Bxd7 Rd8 34. Rf7 Rxd7 35. Rxd7 Nf6 36. Qe5 f3 37. Re7 fxg2 38. Re6 1-0


[Site "https://www.chess.com"]

[Event "Titled Tuesday Blitz July 26 Early 2022"]
[White "Tatarinov, Dmitry"]
[Black "Chigaev, Maksim"]
[WhiteFideId "24160067"]
[BlackFideId "4108116"]
[WhiteElo "2302"]
[BlackElo "2438"]
[Result "0-1"]
[Round "05"]
[TimeControl "180+1"]
[Date "2022.07.26"]
[WhiteClock "0:00:13"]
[BlackClock "0:00:05"]

1. c4 c6 2. d4 d5 3. Nf3 Nf6 4. e3 a6 5. Nbd2 Bf5 6. Be2 h6 7. O-O e6 8. b3 Nbd7 9. Bb2 Bb4 10. a3 Be7 11. Rc1 O-O 12. b4 Re8 13. Nb3 Nb6 14. Na5 Rb8 15. Ne5 dxc4 16. Nexc4 Nxc4 17. Bxc4 Bd6 18. Re1 Ne4 19. g3 Qg5 20. Bf1 h5 21. Bg2 h4 22. Nc4 Nxf2 23. Kxf2 hxg3+ 24. hxg3 Bxg3+ 25. Kf1 Bg4 26. Qd2 e5 27. e4 Bf4 28. Qf2 exd4 29. Qxd4 Rbd8 30. Qf2 Bxc1 31. Rxc1 Be6 32. Ne3 Rd3 33. Re1 Red8 34. Bc1 Qe5 35. Kg1 Rb3 36. Nf5 Rb1 37. Bf4 Rxe1+ 38. Kh2 Qc3 39. Ng3 Rdd1 40. Nh5 Qd4 41. Qg3 Re2 42. Be5 Rxg2+ 43. Kxg2 Rg1+ 44. Kh2 Rxg3 45. Bxd4 Rh3+ 46. Kg2 Rxh5 0-1


[Site "https://www.chess.com"]

[Event "Titled Tuesday Blitz July 26 Early 2022"]
[White "Turzo, Attila"]
[Black "Harsh Suresh"]
[WhiteFideId "704954"]
[BlackFideId "45018464"]
[WhiteElo "2479"]
[BlackElo "2059"]
[Result "0-1"]
[Round "05"]
[TimeControl "180+1"]
[Date "2022.07.27"]
[WhiteClock "0:00:03"]
[BlackClock "0:00:09"]

1. e4 c6 2. d4 d5 3. e5 Bf5 4. Nd2 e6 5. Nb3 a6 6. Nf3 c5 7. dxc5 Bxc5 8. Nxc5 Qa5+ 9. c3 Qxc5 10. Be3 Qc7 11. Be2 Nc6 12. Bd4 Nge7 13. Bc5 Nxe5 14. Bxe7 Nxf3+ 15. Bxf3 Qxe7 16. O-O O-O 17. Re1 Qf6 18. c4 dxc4 19. Bxb7 Ra7 20. Be4 Qxb2 21. Bxf5 exf5 22. Re2 Qf6 23. Rc1 Rc7 24. Qa4 c3 25. f4 g6 26. g3 Rfc8 27. Rec2 h5 28. Kg2 Qe6 29. Kh3 Qf6 30. Qa5 Kg7 31. Re1 h4 32. Qe5 hxg3 33. hxg3 Qxe5 34. Rxe5 Kf6 35. Kg2 Rb8 36. Ree2 Rb4 37. Kf3 a5 38. Ke3 Rb6 39. Kd3 Rd6+ 40. Ke3 a4 41. Kf3 Rb6 42. Re3 Rb2 43. Rcxc3 Rxc3 44. Rxc3 Rxa2 45. Rc6+ Kg7 46. Ra6 a3 47. Ke3 Ra1 48. Kf2 Kf8 49. Kg2 Ke7 50. Kf2 Kd7 51. Kg2 Kc7 52. Ra7+ Kb6 53. Ra8 Kb5 54. Ra7 Kb4 55. Rxf7 Kb3 56. Rb7+ Ka2 57. Rb6 Rc1 58. Rxg6 Rc2+ 59. Kh3 Kb1 60. Ra6 a2 61. g4 fxg4+ 62. Kxg4 Kb2 63. f5 Rc3 64. Rxa2+ Kxa2 65. f6 Rc8 66. f7 Rf8 67. Kg5 Rxf7 0-1


[Site "https://www.chess.com"]

[Event "Titled Tuesday Blitz July 26 Early 2022"]
[White "Vakhlamov, Igor L."]
[Black "Oparin, Grigoriy"]
[WhiteFideId "24126748"]
[BlackFideId "24125890"]
[WhiteElo "2401"]
[BlackElo "2639"]
[Result "1-0"]
[Round "05"]
[TimeControl "180+1"]
[Date "2022.07.26"]
[WhiteClock "0:00:14"]
[BlackClock "0:00:10"]

1. e4 c5 2. Nf3 d6 3. Nc3 Nf6 4. d4 cxd4 5. Qxd4 Nc6 6. Bb5 Bd7 7. Bxc6 Bxc6 8. Bg5 e6 9. O-O-O Be7 10. Rhe1 Qa5 11. Nd5 Bxd5 12. exd5 O-O 13. dxe6 Qxa2 14. exf7+ Rxf7 15. Re3 Qa1+ 16. Kd2 Qa5+ 17. Kc1 Rc8 18. Kb1 h6 19. Bh4 Qf5 20. Qd3 Qxd3 21. Rdxd3 Bf8 22. Bg3 Rd8 23. Ne5 Re7 24. Nc4 Rxe3 25. Nxe3 d5 26. Be5 Ne4 27. f3 Nc5 28. Rxd5 Rxd5 29. Nxd5 Kf7 30. Bd4 a6 31. c4 Nd7 32. Kc2 Bd6 33. h3 g6 34. Kd3 h5 35. b3 Ke6 36. Ke4 Kf7 37. g4 hxg4 38. fxg4 Bg3 39. Kf3 Bh4 40. Ke4 Bg3 41. Nb4 Nf8 42. Nd3 Ne6 43. Be3 Kf6 44. Nc5 Nxc5+ 45. Bxc5 Ke6 46. Be3 b5 47. cxb5 axb5 48. Bg5 Bf2 49. h4 Bg3 50. h5 gxh5 51. gxh5 Be1 52. Bd8 Bc3 53. Bb6 Bd2 54. Bd4 Bh6 55. Bc3 Bg5 56. Bg7 Be7 57. h6 Kf7 58. Ke3 Kg6 59. Ke4 b4 60. Kd5 Bg5 61. Ke6 Bd2 62. Ke7 Bc3 63. Kf8 Bd2 64. Kg8 Bxh6 65. Bxh6 Kxh6 66. Kf7 Kh7 67. Ke6 Kg8 68. Kd6 Kf8 69. Kc5 Ke7 70. Kxb4 Kd7 71. Kb5 Kc7 72. Kc5 Kc8 73. Kc6 1-0


[Site "https://www.chess.com"]

[Event "Titled Tuesday Blitz July 26 Early 2022"]
[White "Winkels, Marcel"]
[Black "Bashirli, Saadat"]
[WhiteFideId "1003887"]
[BlackFideId "13429990"]
[WhiteElo "1900"]
[BlackElo "1173"]
[Result "0-1"]
[Round "05"]
[TimeControl "180+1"]
[Date "2022.07.27"]
[WhiteClock "0:00:01"]
[BlackClock "0:00:05"]

1. e4 c5 2. Nf3 g6 3. d4 cxd4 4. Nxd4 Nc6 5. c4 Nf6 6. Nc3 Nxd4 7. Qxd4 d6 8. Bg5 Bg7 9. Qd2 O-O 10. Bh6 Be6 11. Bxg7 Kxg7 12. Be2 Rc8 13. b3 a5 14. O-O Nd7 15. Nd5 Nc5 16. Qb2+ Kg8 17. f3 Bxd5 18. exd5 e6 19. dxe6 fxe6 20. Rad1 Qe7 21. Qd2 Rcd8 22. Qxa5 Qf6 23. Qd2 d5 24. Qd4 Qe7 25. h3 e5 26. Qd2 d4 27. Bd3 Qh4 28. Qf2 Qf4 29. Rfe1 Rde8 30. Be4 Ra8 31. Bd5+ Kg7 32. Qe2 Rae8 33. Qd2 Qg3 34. Be4 Rf4 35. Qf2 Qg5 36. Bb1 Ref8 37. Kh2 R4f7 38. Qe2 Qf4+ 39. Kh1 Re7 40. Qd2 Qg3 41. Re2 Rfe8 42. Qe1 Qf4 43. Be4 b6 44. Bc2 Ne6 45. b4 Ng5 46. Be4 Qf6 47. Bd5 Qf5 48. Be4 Qf4 49. Bd5 h5 50. b5 Qf6 51. a4 Ra7 52. Ra2 Qf5 53. a5 bxa5 54. Rxa5 Rae7 55. Qf1 Qd7 56. b6 Qd6 57. b7 Rb8 0-1


[Site "https://www.chess.com"]

[Event "Titled Tuesday Blitz July 26 Early 2022"]
[White "Yaniuk, Volodymyr"]
[Black "Molina, Roberto Junio Brito"]
[WhiteFideId "14133083"]
[BlackFideId "2109450"]
[WhiteElo "2141"]
[BlackElo "2432"]
[Result "1-0"]
[Round "05"]
[TimeControl "180+1"]
[Date "2022.07.27"]
[WhiteClock "0:00:17"]
[BlackClock "0:00:04"]

1. d4 c6 2. c4 d5 3. Nf3 Nf6 4. e3 Bf5 5. Nc3 e6 6. Nh4 Bg6 7. Qb3 Qb6 8. Nxg6 hxg6 9. Qc2 Nbd7 10. Be2 Be7 11. Bd2 O-O 12. O-O-O Rfc8 13. Kb1 Qd8 14. h4 dxc4 15. Bxc4 b5 16. Be2 a5 17. Ne4 Nxe4 18. Qxe4 Nf6 19. Qf3 Qd5 20. Rc1 b4 21. Bc4 Qxf3 22. gxf3 c5 23. dxc5 Rxc5 24. Be2 Rac8 25. Rxc5 Rxc5 26. e4 Rc7 27. Bg5 Bc5 28. Rc1 Nd7 29. Bb5 Ne5 30. Bf4 Bd6 31. Rd1 Rc5 32. Be2 Be7 33. Be3 Rc8 34. f4 Nc4 35. Rc1 Nd6 36. Rxc8+ Nxc8 37. h5 gxh5 38. Bxh5 g6 39. Be2 Bd8 40. Ba6 Nd6 41. Bd3 f5 42. f3 Kf7 43. Bc5 Bc7 44. Kc2 Nc8 45. Be3 Bb6 46. Bd2 Ke7 47. Kb3 Bd4 48. a3 bxa3 49. bxa3 Bb6 50. Ka4 Bc7 51. Kb5 Nd6+ 52. Kc6 Bd8 53. Be3 Nf7 54. Bc5+ Ke8 55. Bb6 Bxb6 56. Kxb6 Kd7 57. Kxa5 Kc6 58. Kb4 g5 59. exf5 exf5 60. Bc4 Nd6 61. fxg5 Kd7 62. Bd5 Ke7 63. Kc5 f4 64. a4 Nf5 65. a5 1-0


[Site "https://www.chess.com"]

[Event "Titled Tuesday Blitz July 26 Early 2022"]
[White "Zhigalko, Sergei"]
[Black "Madaminov, Mukhiddin"]
[WhiteFideId "13502956"]
[BlackFideId "14210703"]
[WhiteElo "2662"]
[BlackElo "2011"]
[Result "0-1"]
[Round "05"]
[TimeControl "180+1"]
[Date "2022.07.26"]
[WhiteClock "0:00:02"]
[BlackClock "0:00:16"]

1. e4 e5 2. Nf3 Nc6 3. Bb5 a6 4. Ba4 Nf6 5. O-O Nxe4 6. d4 b5 7. Bb3 d5 8. dxe5 Be6 9. Nbd2 Be7 10. c3 O-O 11. Bc2 f5 12. Nb3 Qd7 13. Nbd4 Nxd4 14. Nxd4 c5 15. Nxe6 Qxe6 16. f3 Ng5 17. a4 g6 18. Kh1 Rad8 19. axb5 axb5 20. Qe2 c4 21. Be3 Qxe5 22. f4 Qe6 23. fxg5 f4 24. Rf3 Bc5 25. b4 Bxe3 26. g3 Rde8 27. Re1 Qc6 28. Qg2 d4 29. cxd4 Bxd4 30. Ref1 Re3 31. gxf4 Rxf3 32. Rxf3 Re8 33. h4 Re1+ 34. Kh2 Qe8 0-1


[Site "https://www.chess.com"]

[Event "Titled Tuesday Blitz July 26 Early 2022"]
[White "Zierk, Steven"]
[Black "Sadubayev, Airat"]
[WhiteFideId "2034255"]
[BlackFideId "13713264"]
[WhiteElo "2494"]
[BlackElo "2163"]
[Result "1-0"]
[Round "05"]
[TimeControl "180+1"]
[Date "2022.07.26"]
[WhiteClock "0:00:27"]
[BlackClock "0:00:02"]

1. e4 e5 2. Nf3 Nc6 3. Bc4 Bc5 4. c3 Nf6 5. d4 exd4 6. e5 d5 7. Bb5 Ne4 8. cxd4 Bb6 9. Nc3 O-O 10. Be3 Bg4 11. h3 Bh5 12. Qc2 Bg6 13. Qb3 Ne7 14. O-O c6 15. Bd3 Nf5 16. Na4 f6 17. exf6 Rxf6 18. Nxb6 axb6 19. Bxe4 Nxe3 20. Bxg6 Nxf1 21. Bc2 Rxf3 22. Qxf3 Nd2 23. Qe2 Nc4 24. Bd3 Nd6 25. Qh5 Ne4 26. Re1 Nf6 27. Qf5 Qf8 28. g4 Re8 29. Re5 g6 30. Rxe8 Nxe8 31. Qd7 Qf7 32. Qd8 Kf8 33. Qxb6 Qg7 34. a4 h5 35. g5 h4 36. Qd8 Qf7 37. a5 Kg7 38. Kg2 Nc7 39. Qd6 Ne6 40. Qe5+ Kg8 41. Bf1 Nf4+ 42. Kg1 Ne6 43. a6 bxa6 44. Bxa6 Nf4 45. Bc8 Nh5 46. Be6 1-0


[Site "https://www.chess.com"]

[Event "Titled Tuesday Blitz July 26 Early 2022"]
[White "Agasarov, Benik"]
[Black "Erenberg, Ariel"]
[WhiteFideId "13314823"]
[BlackFideId "2811634"]
[WhiteElo "2712"]
[BlackElo "2243"]
[Result "0-1"]
[Round "06"]
[TimeControl "180+1"]
[Date "2022.07.27"]
[WhiteClock "0:00:04"]
[BlackClock "0:00:18"]

1. e4 c6 2. Nc3 d5 3. Qf3 e5 4. exd5 Nf6 5. Bc4 Bg4 6. Qe3 Nbd7 7. d4 Bd6 8. dxc6 bxc6 9. h3 Bh5 10. f4 O-O 11. fxe5 Re8 12. Nge2 c5 13. Qg5 cxd4 14. exf6 Nxf6 15. O-O dxc3 16. Nxc3 Rc8 17. Bd3 Rc5 18. Qh4 Bg6 19. Bxg6 hxg6 20. Bg5 Be5 21. Rad1 Qb8 22. Kh1 Bxc3 23. bxc3 Ne4 24. Be3 Ng3+ 25. Kg1 Rxc3 26. Bd4 Ne2+ 27. Kh1 Ng3+ 28. Kg1 Rxc2 29. Qg4 Nxf1 30. Rxf1 Rc4 31. Qf3 Qc7 32. Be3 Qe7 33. Bf2 Re4 34. Qd3 a5 35. Qb3 Qb4 36. Qd5 R4e5 37. Qf3 Qc4 38. Bg3 Rf5 39. Qd1 Rxf1+ 40. Qxf1 Qxf1+ 41. Kxf1 Rc8 42. Bd6 Rc2 43. a3 Rd2 44. Bc5 a4 45. Bb4 Rc2 46. Kg1 f6 47. Kh2 g5 48. Kg3 Kf7 49. Kf3 Ke6 50. g4 g6 51. Ke4 Rh2 52. Kf3 Rxh3+ 53. Kg2 Rb3 54. Kf2 f5 55. Kg2 fxg4 56. Kf2 Kf5 57. Kg2 g3 58. Bd6 g4 59. Bxg3 Rxa3 60. Bd6 Rb3 61. Kh1 a3 62. Bf8 a2 63. Bg7 Rb5 64. Bc3 Rc5 65. Bd4 Rc2 66. Bh8 Ke4 67. Bf6 Kf3 68. Bb2 Rxb2 0-1


[Site "https://www.chess.com"]

[Event "Titled Tuesday Blitz July 26 Early 2022"]
[White "Aggelis, Nikolaos"]
[Black "Tatarinov, Dmitry"]
[WhiteFideId "4213220"]
[BlackFideId "24160067"]
[WhiteElo "2154"]
[BlackElo "2302"]
[Result "0-1"]
[Round "06"]
[TimeControl "180+1"]
[Date "2022.07.27"]
[WhiteClock "0:00:03"]
[BlackClock "0:00:11"]

1. d4 Nf6 2. Nf3 g6 3. Bg5 Bg7 4. Nbd2 h6 5. Bh4 d6 6. c3 g5 7. Bg3 Nh5 8. e3 Nd7 9. Bd3 e6 10. Qb3 Qe7 11. O-O-O a5 12. e4 a4 13. Qc2 a3 14. b3 c5 15. Rhe1 cxd4 16. Nxd4 Nxg3 17. hxg3 O-O 18. Nb5 Nc5 19. Nc4 Bd7 20. Ncxd6 Bxb5 21. Bxb5 Rfd8 22. e5 Bxe5 23. Nxf7 Rxd1+ 24. Qxd1 Bxc3 25. Nxh6+ Kg7 26. Nf5+ Kf6 27. Nxe7 Kxe7 28. Rh1 Ne4 29. Rh7+ Kf6 30. Qf3+ Ke5 31. Bd3 Bb2+ 32. Kb1 Nd2+ 33. Kc2 Nxf3 34. gxf3 Rc8+ 35. Kd2 b6 36. Rh5 Kd6 37. Bc4 Rf8 38. Rxg5 Rxf3 39. Ke2 Rc3 40. Rg6 Rc2+ 41. Ke3 Bc1+ 42. Kd3 Rd2+ 43. Kc3 Rxa2 44. Rxe6+ Kc7 45. b4 Rxf2 46. Re8 Rf3+ 47. Kd4 Bb2+ 48. Kd5 Rxg3 49. Re7+ Kd8 50. Ra7 Rg5+ 51. Kc6 Rg6+ 52. Kb5 Rd6 53. Rb7 Bd4 54. Ra7 Bb2 55. Rb7 Rh6 56. Rxb6 Rh5+ 57. Kc6 Rh4 0-1


[Site "https://www.chess.com"]

[Event "Titled Tuesday Blitz July 26 Early 2022"]
[White "Aldokhin, Ivan"]
[Black "Miszler, Levente"]
[WhiteFideId "24115720"]
[BlackFideId "763276"]
[WhiteElo "2246"]
[BlackElo "1966"]
[Result "0-1"]
[Round "06"]
[TimeControl "180+1"]
[Date "2022.07.27"]
[WhiteClock "0:00:01"]
[BlackClock "0:00:14"]

1. e4 e6 2. Nf3 d5 3. Nc3 Nf6 4. Bd3 Nc6 5. a3 e5 6. exd5 Nxd5 7. Nxd5 Qxd5 8. Qe2 Bd6 9. O-O Bg4 10. Be4 Qe6 11. Qb5 O-O 12. Qxb7 Ne7 13. Ng5 Qd7 14. Bf3 Rab8 15. Qe4 Bf5 16. Qe2 Bxc2 17. d3 Bb3 18. Be3 h6 19. Ne4 Nf5 20. Bg4 Be6 21. Bxf5 Bxf5 22. Bxa7 Rb7 23. Be3 Rb3 24. Rfd1 Rfb8 25. Rd2 Qa4 26. f3 Qb5 27. Rc1 Rxb2 28. Rxb2 Qxb2 29. Qxb2 Rxb2 30. Nxd6 cxd6 31. Ra1 Bxd3 32. a4 d5 33. Bc5 Rc2 34. Bd6 e4 35. a5 e3 36. a6 Bxa6 37. Bg3 Bc4 38. Re1 d4 39. Bf4 e2 40. Kf2 d3 41. Rc1 g5 42. Be3 Kg7 43. Ke1 Rxc1+ 44. Bxc1 Kf6 45. Bd2 Kf5 46. Kf2 Ke5 47. g4 Kd4 48. h4 gxh4 49. Bxh6 h3 50. Bf4 Kc3 51. Ke1 Kc2 0-1


[Site "https://www.chess.com"]

[Event "Titled Tuesday Blitz July 26 Early 2022"]
[White "Altman, Joshua"]
[Black "Rohith Krishna S"]
[WhiteFideId "426210"]
[BlackFideId "46617051"]
[WhiteElo "1945"]
[BlackElo "2117"]
[Result "0-1"]
[Round "06"]
[TimeControl "180+1"]
[Date "2022.07.26"]
[WhiteClock "0:00:15"]
[BlackClock "0:01:02"]

1. d4 c5 2. d5 Nf6 3. c4 e6 4. Nc3 exd5 5. cxd5 d6 6. Nf3 g6 7. Bf4 Bg7 8. e3 O-O 9. h3 Na6 10. Bc4 Nc7 11. a4 b6 12. O-O Rb8 13. Nd2 a6 14. Qe2 Re8 15. Bg5 Qd7 16. Qf3 Nh5 17. Nde4 b5 18. axb5 axb5 19. Bd3 b4 20. Ne2 f5 21. Nd2 Bxb2 22. Ra7 Rb7 23. Rxb7 Bxb7 24. Nc4 Bxd5 25. Nb6 Bxf3 26. Nxd7 Bxe2 27. Bxe2 Ra8 28. g4 Ng7 29. Rd1 d5 30. Nb6 Ra1 31. Rxa1 Bxa1 32. Nxd5 Nxd5 33. Bc4 fxg4 34. Bxd5+ Kf8 35. hxg4 Ne8 36. Bf4 Ke7 37. Kf1 Nd6 38. Bxd6+ Kxd6 39. Bg8 h6 40. Bf7 g5 41. Ke2 Ke5 42. Kd3 Bc3 43. Kc4 Be1 44. f3 Kd6 45. f4 Bd2 46. fxg5 hxg5 47. e4 Be3 48. Bg6 Ke5 49. Bf5 Kf4 50. Kb3 Bd4 51. Kc4 Ke3 52. Kb3 Be5 53. Kc4 Kd2 54. Be6 Bd4 55. Bd5 Kc2 56. Bc6 Kd2 57. Bd5 Ke3 58. Be6 Kxe4 59. Bf5+ Ke3 60. Kb3 Kd2 61. Kc4 Kc1 62. Kb3 Be3 63. Kc4 Kb2 64. Be4 b3 65. Bf5 Ka2 66. Kc3 b2 67. Be6+ Ka1 68. Bf5 b1=Q 69. Bxb1 Kxb1 70. Kc4 Kc2 71. Kd5 Kd3 72. Ke5 c4 73. Kf5 c3 74. Kg6 c2 75. Kh5 c1=Q 76. Kh6 Qc6+ 77. Kh5 Qf3 78. Kh6 Qxg4 79. Kh7 Qf5+ 80. Kh6 Bd4 81. Kh5 g4+ 82. Kh4 Bf2# 0-1


[Site "https://www.chess.com"]

[Event "Titled Tuesday Blitz July 26 Early 2022"]
[White "Ambartsumova, Karina"]
[Black "Yeremyan, Alen"]
[WhiteFideId "4166299"]
[BlackFideId "13308998"]
[WhiteElo "2262"]
[BlackElo "2158"]
[Result "1/2-1/2"]
[Round "06"]
[TimeControl "180+1"]
[Date "2022.07.26"]
[WhiteClock "0:00:08"]
[BlackClock "0:00:06"]

1. Nf3 Nf6 2. g3 g6 3. Bg2 Bg7 4. d4 O-O 5. O-O d6 6. b3 c5 7. Bb2 cxd4 8. Nxd4 d5 9. c4 e5 10. Nf3 e4 11. Nd4 dxc4 12. bxc4 e3 13. f3 Nbd7 14. Na3 Nc5 15. Qc2 Bd7 16. Rfd1 Qe7 17. Nab5 a6 18. Nc3 h5 19. Nd5 Nxd5 20. cxd5 Na4 21. Rab1 Nxb2 22. Qxb2 b5 23. Qb3 h4 24. f4 hxg3 25. hxg3 Rac8 26. Nc6 Qe8 27. Rd3 Bxc6 28. dxc6 Qe7 29. Rbd1 Qc5 30. Rd7 Bf6 31. Bf3 Kg7 32. Kg2 a5 33. Qd3 a4 34. g4 Rh8 35. Bd5 Rcf8 36. g5 Bb2 37. Qe4 Rh7 38. Qe6 Kh8 39. Qe4 b4 40. Rh1 Rxh1 41. Kxh1 Qc1+ 42. Kg2 Qe1 43. Qf3 Qh4 44. Bxf7 b3 45. axb3 a3 46. b4 a2 47. Bxa2 Rxf4 48. Rd8+ Kh7 49. Rd7+ Kh8 50. Rd8+ Kg7 51. Rd7+ Kh8 1/2-1/2


[Site "https://www.chess.com"]

[Event "Titled Tuesday Blitz July 26 Early 2022"]
[White "Amburgy, Ryan"]
[Black "Kupervaser, Erez"]
[WhiteFideId "30924820"]
[BlackFideId "2814587"]
[WhiteElo "2066"]
[BlackElo "1832"]
[Result "1-0"]
[Round "06"]
[TimeControl "180+1"]
[Date "2022.07.26"]
[WhiteClock "0:01:05"]
[BlackClock "0:00:19"]

1. d4 d5 2. Nc3 Nf6 3. Bf4 Bf5 4. f3 h5 5. e3 e6 6. Bd3 Bxd3 7. cxd3 Bd6 8. Nge2 Nbd7 9. Qb3 Nb6 10. O-O h4 11. h3 Bxf4 12. Nxf4 c6 13. Rad1 Nh5 14. Nce2 Nxf4 15. Nxf4 Qg5 16. Qa3 Nd7 17. Qd6 Qe7 18. Qxe7+ Kxe7 19. e4 g5 20. Ne2 Rhg8 21. Kf2 f5 22. Ke3 Kf7 23. Rc1 Rac8 24. Rc2 Rg7 25. b4 a6 26. a4 Nb6 27. Ra1 Ra8 28. Raa2 Ke7 29. b5 axb5 30. axb5 Rxa2 31. Rxa2 Kd6 32. Rb2 g4 33. e5+ Kd7 34. bxc6+ Kxc6 35. Nf4 gxh3 36. gxh3 Re7 37. Rc2+ Kd7 38. Rc5 Nc8 39. Ng6 Rg7 40. Nf8+ 1-0


[Site "https://www.chess.com"]

[Event "Titled Tuesday Blitz July 26 Early 2022"]
[White "Antonio, Jorge Carlos"]
[Black "Golubev, Mikhail"]
[WhiteFideId "113190"]
[BlackFideId "14100983"]
[WhiteElo "2247"]
[BlackElo "2374"]
[Result "0-1"]
[Round "06"]
[TimeControl "180+1"]
[Date "2022.07.27"]
[WhiteClock "0:00:01"]
[BlackClock "0:00:03"]

1. d4 g6 2. Nf3 Bg7 3. c4 d6 4. Nc3 Nf6 5. e4 O-O 6. Be2 e5 7. O-O Nc6 8. d5 Ne7 9. Ne1 Ne8 10. Be3 f5 11. f3 f4 12. Bf2 g5 13. Rc1 Ng6 14. c5 Rf7 15. cxd6 cxd6 16. Qc2 h5 17. a4 g4 18. Kh1 Bh6 19. Bg1 g3 20. Nb5 a6 21. Na3 h4 22. h3 Nf6 23. Nd3 Bxh3 24. gxh3 Qd7 25. Kg2 Nh7 26. Bb6 Ng5 27. Rh1 Nf8 28. Qc7 Qe8 29. Qxd6 Bg7 30. Rc7 Rf6 31. Qe7 Qxe7 32. Rxe7 Rxb6 33. Nxe5 Bf6 34. Nac4 Bxe7 35. Nxb6 Rd8 36. Bc4 Bf6 37. Nd3 Bd4 38. a5 Nf7 39. b3 Ng6 40. Rd1 Be3 41. e5 Ngxe5 42. Nxe5 Nxe5 43. d6+ Kf8 44. Be6 Ng6 45. d7 Ne5 46. Bf5 Ke7 47. Rd5 Nf7 48. Rd3 Bxb6 49. axb6 Ne5 50. Rd2 Kf6 51. Rd1 Kxf5 52. Rc1 Kf6 53. Rc7 Ke7 54. Rxb7 Rxd7 55. Ra7 Nc6 56. b7 Rd2+ 57. Kf1 Nb8 58. Ra8 Rd8 59. Ra7 Kd7 60. Ke2 Kc7 0-1


[Site "https://www.chess.com"]

[Event "Titled Tuesday Blitz July 26 Early 2022"]
[White "Aravindh, Chithambaram VR."]
[Black "Madaminov, Mukhiddin"]
[WhiteFideId "5072786"]
[BlackFideId "14210703"]
[WhiteElo "2577"]
[BlackElo "2011"]
[Result "1-0"]
[Round "06"]
[TimeControl "180+1"]
[Date "2022.07.26"]
[WhiteClock "0:00:05"]
[BlackClock "0:00:03"]

1. b4 Nf6 2. Bb2 g6 3. g3 Bg7 4. Bg2 O-O 5. Nf3 d6 6. d4 Nbd7 7. O-O e5 8. dxe5 Ng4 9. Nbd2 Ngxe5 10. Rb1 Re8 11. a3 a5 12. b5 Rb8 13. Nd4 Nc5 14. h3 h5 15. f4 Ned7 16. e4 Nf8 17. Qf3 Nfd7 18. Rbe1 Rf8 19. Nc4 Nb6 20. Nxb6 cxb6 21. f5 Be5 22. c3 Bd7 23. Bc1 Rc8 24. Bh6 Bg7 25. Bxg7 Kxg7 26. f6+ Kh7 27. e5 Be6 28. Re3 Bc4 29. Rfe1 dxe5 30. Rxe5 Nd3 31. Rxh5+ Kg8 32. Re7 Qd6 33. Rh4 Rc5 34. Qe3 Qxf6 35. Bf1 Nb2 36. Bxc4 Nxc4 37. Qh6 Qg7 38. Qxg7+ Kxg7 39. Rxb7 Kg8 40. Rf4 Nxa3 41. Rxb6 Rxc3 42. Kg2 Nc4 43. Ra6 Ne3+ 44. Kf2 Nd5 45. Re4 Rc4 46. Kf3 Nc3 47. Rf4 a4 48. b6 Rb4 49. Nc6 Rb3 50. Kg4 Nd5 51. Rfxa4 Nxb6 52. Rd4 Nc8 53. h4 Rb6 54. Rxb6 Nxb6 55. Rd6 Kg7 56. Ne5 Nc8 57. Rd7 Kf6 58. Nc6 Ke6 59. Rb7 Nd6 60. Ra7 Ne4 61. Kf4 Nf6 62. Nd4+ Kd5 63. Nf3 Ke6 64. Ra6+ Ke7 65. Ra7+ Kd6 66. Ng5 Nd5+ 67. Kf3 f5 68. Ra6+ Ke5 69. Re6+ Kd4 70. Rxg6 Rb8 71. Re6 Rb3+ 72. Kg2 f4 73. Nf3+ Kc5 74. g4 Ne3+ 75. Kh3 Nf5 76. gxf5 Rxf3+ 77. Kg4 Rf1 78. f6 Kd5 79. Re8 f3 80. f7 Rg1+ 81. Kxf3 Rf1+ 82. Kg4 Rxf7 83. h5 Kd6 84. h6 Kd7 85. Re1 Rf2 86. Rh1 Rf8 87. h7 Rh8 88. Kg5 Ke7 89. Kg6 Kf8 90. Rh2 Ke7 91. Kg7 Rf8 92. Re2+ Kd6 93. Kxf8 Kd5 94. h8=Q Kc4 95. Qe5 Kb3 96. Qc5 Ka4 97. Qb6 Ka3 98. Re7 Ka2 99. Ra7# 1-0


[Site "https://www.chess.com"]